 Dungeon Crawl Stone Soup version 0.14-a0-836-g5210f43 (console) character file.

44408 Kellhus the Conjurer (level 14, -1/81 HPs)
             Began as an Octopode Wizard on Nov 12, 2013.
             Was a High Priest of Vehumet.
             Slain by a sheep (11 damage)
             ... led by a cyclops
             ... on Level 9 of the Dungeon.
             The game lasted 01:14:26 (30296 turns).

Kellhus the Conjurer (Octopode Wizard)             Turns: 30296, Time: 01:14:26

HP  -1/81        AC  1     Str  6      XL: 14   Next: 25%
MP  24/41        EV 15     Int 26      God: Vehumet [*****.]
Gold 717         SH  0     Dex 10      Spells:  9 memorised, 12 levels left

Res.Fire  : . . .   See Invis. : +   a - staff of energy
Res.Cold  : . . .   Warding    : .   (no shield)
Life Prot.: . . .   Conserve   : +   J - +0 mask of the Dragon {MR+ Acc+3 Dam+3 SInv}
Res.Poison: +       Res.Corr.  : .   E - amulet of conservation
Res.Elec. : .       Clarity    : .   y - ring of poison resistance
Sust.Abil.: . .     Spirit.Shd : .   D - cursed ring of poison resistance
Res.Mut.  : .       Stasis     : .   m - ring of magical power
Res.Rott. : .       Flight     : .   k - ring of teleport control
Saprovore : . . .                    p - ring of wizardry
                                     c - ring of protection from magic {unknown}
                                     (no ring)
                                     (no ring)

@: extremely resistant to hostile enchantments, stealthy
A: almost no armour, amphibious, 8 rings, constrict 8, camouflage 1, AC +1
a: Renounce Religion, Evoke Teleport Control


You were on level 9 of the Dungeon.
You worshipped Vehumet.
Vehumet was extremely pleased with you.
You were not hungry.

You visited 2 branches of the dungeon, and saw 17 of its levels.
You also visited: Volcano.

You collected 717 gold pieces.

Inventory:

Hand weapons
 n - a +2,+3 falchion of protection
Armour
 J - the +0 mask of the Dragon (worn) {MR+ Acc+3 Dam+3 SInv}
   (You found it on level 8 of the Lair of Beasts)

   It affects your accuracy (+3).
   It affects your damage-dealing abilities (+3).
   It affects your resistance to hostile enchantments.
   It enhances your eyesight.
Magical devices
 v - a wand of fireball (3) {unknown}
 w - a wand of cold (3)
 B - a wand of digging (10)
Comestibles
 d - 4 bread rations
 q - 4 meat rations
 r - 2 rotting chunks of orc flesh
 z - a choko
Scrolls
 e - a scroll of teleportation
 f - 4 scrolls of fog
 g - 5 scrolls of remove curse
 h - 2 scrolls of magic mapping
 H - a scroll of fear
Jewellery
 c - a ring of protection from magic (on tentacle) {unknown}
 k - a ring of teleport control (on tentacle)
 m - a ring of magical power (on tentacle)
 p - a ring of wizardry (on tentacle)
 y - a ring of poison resistance (left tentacle)
 A - an uncursed amulet of resist mutation
 D - a cursed ring of poison resistance (right tentacle)
 E - an amulet of conservation (around mantle)
Potions
 i - 3 potions of speed
 j - a potion of porridge {unknown}
 l - 8 potions of curing
 o - a potion of poison {unknown}
 u - a potion of brilliance
 C - 2 potions of resistance
 G - 3 potions of flight
 K - 2 potions of agility
 L - a potion of invisibility
 Q - 3 potions of might
Magical staves
 a - an uncursed staff of energy (weapon)
Rods
 x - a +2 rod of frigid destruction (14/14)
   (You found it on level 5 of the Lair of Beasts)


   Skills:
 - Level 5.0 Fighting
 - Level 8.0 Dodging
 - Level 2.6 Stealth
 - Level 10.1 Spellcasting
 - Level 14.0 Conjurations
   Level 1.0 Summonings
 - Level 1.0 Translocations
 + Level 12.4 Fire Magic
 - Level 8.0 Poison Magic


You had 12 spell levels left.
You knew the following spells:

 Your Spells              Type           Power        Failure   Level  Hunger
a - Throw Flame           Conj/Fire      ######       1%          2    None
b - Conjure Flame         Conj/Fire      ######..     1%          3    None
c - Mephitic Cloud        Conj/Pois/Air  ######..     1%          3    None
d - Sting                 Conj/Pois      ####         1%          1    None
e - Magic Dart            Conj           ####         0%          1    None
l - Blink                 Tloc           N/A          1%          2    None
p - Poisonous Cloud       Conj/Pois/Air  ######....   4%          6    None
r - Repel Missiles        Chrm/Air       ##........   3%          2    None
A - Apportation           Tloc           ###.......   1%          1    None


Dungeon Overview and Level Annotations

Branches:
Dungeon (9/16)             Temple (0/1) D:5            Lair (8/8) D:8
 Spider (0/5) Lair:3        Slime (0/6) Lair:7
    Orc: D:6-11      Shoals: Lair:3-6

Altars:
Ashenzari
Elyvilon
Nemelex Xobeh
Sif Muna
Vehumet
Zin

Annotations:
Lair:2 exclusion: hydra
Lair:3 exclusions: door and downstairs


Innate Abilities, Weirdness & Mutations

You cannot wear most types of armour.
You are amphibious.
You can wear up to eight rings at the same time.
You can use your tentacles to constrict many enemies at once.
Your skin changes colour to match your surroundings (Stlth).
Your rubbery body absorbs attacks (AC +1).


Message History

A sheep comes into view.
The sheep bellows!
A sheep comes into view.
The sheep bellows!
The sheep misses you.
A sheep comes into view.
The sheep bellows!
A rat comes into view.
The rat barely misses you. The sheep bites you!
* * * LOW HITPOINT WARNING * * *
The rat closely misses you.
Your magical contamination has completely faded away.
The rat bites you.
* * * LOW HITPOINT WARNING * * *
The sheep barely misses you.
The sheep bites the plant.
There is a stone staircase leading up here.
The sheep bites you!
You die...

####. #......[#.......####.
....###.####.##...##.####.
#..#.## #.####.##...... #.##
#.###...####### #.# #.......#
#.# #####...# ##.###### #...#
### ####### #.......# #...# #..
#.....####.....@.#####...#####.#
#..............Y...............#
#................Y..............
#.....###########..####........#
#.....# #Pr#..#..#.###.. #####.#
#P.#..#..#.# ### ######.####
####.Y##)#P...#
.......PP.#+###........Y..###
##%###....................#


You could see 3 sheep and a rat.

Vanquished Creatures
  6 hydras
  A catoblepas (Lair:6)
  A cyclops (D:9)
  2 griffons
  5 black mambas
  8 elephants
  15 spiny frogs
  A draconian (D:9)
  16 blink frogs
  7 komodo dragons
  7 polar bears
  A fire drake (Lair:5)
  A wyvern (D:8)
  12 grizzly bears
  A basilisk (Lair:6)
  26 yaks
  An elephant slug (Lair:8)
  Eustachio (D:6)
  11 hippogriffs
  A hill giant skeleton (D:9)
  Edmund (D:5)
  A manticore (D:8)
  Menkaure (D:5)
  7 necrophages (Lair:4)
  21 wolves
  A human (D:9)
  2 sky beasts (D:8)
  2 hell hounds (Lair:8)
  8 porcupines
  7 giant goldfish (Lair:1)
  4 ice beasts
  7 black bears
  4 wargs (Lair:8)
  A boring beetle (Lair:7)
  2 centaurs
  4 ogres
  Sigmund (D:3)
  Duvessa (D:6)
  7 crocodiles
  10 water moccasins
  20 giant frogs
  A big kobold (D:8)
  5 giant slugs
  Blork the orc (D:5)
  6 agate snails
  A gnoll sergeant (D:8)
  A vampire bat (Lair:8)
  A yak zombie (D:8)
  2 jellyfish (Lair:3)
  3 wights (D:6)
  6 killer bees (D:9)
  Dowan (D:6)
  8 big fish
  19 hounds
  2 crimson imps (D:8)
  5 jellies (Lair:7)
  2 scorpions
  5 spiders (Lair:3)
  A gnoll shaman (D:9)
  10 iguanas
  8 orc priests
  7 orange rats (Lair:7)
  16 orc wizards
  15 sheep
  2 ogre zombies
  2 worker ants
  Ijyb (D:7)
  Jessica (D:3)
  12 gnolls
  23 adders
  7 giant centipedes
  53 green rats
  An inept feature mimic (D:6)
  3 giant mites
  6 worms
  An adder zombie (D:6)
  An adder skeleton (D:4)
  A grey rat (D:6)
  2 giant eyeballs (D:9)
  9 giant geckos
  2 oozes (Lair:7)
  40 orcs
  A bat skeleton (D:6)
  10 goblins
  10 hobgoblins
  40 jackals
  18 quokkas
  7 ball pythons (D:3)
  24 bats
  9 giant cockroaches
  3 giant newts
  A goblin zombie (D:5)
  14 kobolds
  An orc skeleton (D:9)
  An orc zombie (D:6)
  16 rats
  A rat skeleton (D:8)
  A plant (Lair:8)
686 creatures vanquished.

Vanquished Creatures (collateral kills)
  An orc (D:5)
1 creature vanquished.

Vanquished Creatures (others)
  2 green rats (Lair:7)
  A hobgoblin (D:1)
  A giant spore (D:1)
  A ballistomycete (D:1)
  8 fungi
  4 plants
17 creatures vanquished.

Grand Total: 704 creatures vanquished

Notes
Turn   | Place    | Note
--------------------------------------------------------------
     0 | D:1      | Kellhus, the Octopode Wizard, began the quest for the Orb.
     0 | D:1      | Reached XP level 1. HP: 9/9 MP: 5/5
   251 | D:1      | Reached XP level 2. HP: 15/15 MP: 0/7
   779 | D:1      | Reached XP level 3. HP: 19/19 MP: 6/9
  1253 | D:2      | Reached XP level 4. HP: 25/25 MP: 2/11
  1628 | D:3      | Learned a level 3 spell: Conjure Flame
  1632 | D:3      | Learned a level 3 spell: Mephitic Cloud
  1639 | D:3      | Reached skill level 4 in Conjurations
  1785 | D:3      | Reached XP level 5. HP: 13/29 MP: 1/12
  2210 | D:3      | Noticed Sigmund
  2220 | D:3      | Killed Sigmund
  2220 | D:3      | Reached skill level 5 in Conjurations
  2346 | D:3      | Reached XP level 6. HP: 31/35 MP: 1/14
  2546 | D:3      | Reached skill level 6 in Conjurations
  2611 | D:3      | Noticed Jessica
  2614 | D:3      | Killed Jessica
  3073 | D:3      | Reached XP level 7. HP: 39/39 MP: 5/18
  3874 | D:4      | Reached skill level 5 in Spellcasting
  4198 | D:4      | Found a white marble altar of Elyvilon.
  4198 | D:4      | Noticed an angel
  4461 | D:5      | Entered Level 5 of the Dungeon
  4461 | D:5      | Found a glowing silver altar of Zin.
  4498 | D:5      | Noticed Blork the orc
  4511 | D:5      | Killed Blork the orc
  4618 | D:5      | Reached skill level 7 in Conjurations
  4670 | D:5      | Learned a level 2 spell: Blink
  4673 | D:5      | Learned a level 2 spell: Repel Missiles
  4775 | D:5      | Found a radiant altar of Vehumet.
  4811 | D:5      | Became a worshipper of Vehumet
  5055 | D:5      | Reached XP level 8. HP: 45/45 MP: 0/20
  5261 | D:5      | HP: 2/45 [orc wizard/magic dart (3)]
  5641 | D:5      | Reached skill level 8 in Conjurations
  5823 | D:5      | Acquired Vehumet's first power
  5823 | D:5      | Offered knowledge of Sting by Vehumet.
  5840 | D:5      | Learned a level 1 spell: Sting
  5869 | D:5      | Reached skill level 1 in Poison Magic
  5926 | D:5      | Noticed Edmund
  5937 | D:5      | Killed Edmund
  6014 | D:5      | Found a staircase to the Ecumenical Temple.
  6054 | D:5      | Noticed Menkaure
  6078 | D:5      | Killed Menkaure
  6278 | D:6      | Found a sparkling altar of Nemelex Xobeh.
  6455 | D:6      | Got a pair of transparent boots
  6475 | D:6      | Reached skill level 9 in Conjurations
  6660 | D:6      | Noticed Duvessa
  6666 | D:6      | Noticed Dowan
  6667 | D:6      | Killed Duvessa
  6675 | D:6      | Killed Dowan
  6675 | D:6      | Reached XP level 9. HP: 34/49 MP: 16/21
  7055 | D:6      | Reached skill level 10 in Conjurations
  7132 | D:6      | Noticed Eustachio
  7155 | D:6      | Killed Eustachio
  7529 | D:6      | Reached skill level 5 in Poison Magic
  7590 | D:6      | Offered knowledge of Flame Tongue by Vehumet.
  7593 | D:6      | Learned a level 1 spell: Flame Tongue
  7648 | D:7      | Reached skill level 1 in Fire Magic
  8307 | D:7      | Noticed Ijyb
  8320 | D:7      | Killed Ijyb
  8559 | D:7      | Reached skill level 5 in Fire Magic
  8951 | D:8      | Found a shattered altar of Ashenzari.
  8983 | D:8      | Reached XP level 10. HP: 47/54 MP: 20/23
  9396 | D:8      | Offered knowledge of Throw Flame by Vehumet.
  9400 | D:8      | Learned a level 2 spell: Throw Flame
 10647 | D:8      | Found a staircase to the Lair.
 10822 | D:8      | Acquired Vehumet's second power
 11197 | Lair:1   | Entered Level 1 of the Lair of Beasts
 11404 | Lair:1   | Found a dark tunnel.
 11422 | Volcano  | Entered a volcano
 12783 | Lair:1   | Offered knowledge of Dazzling Spray by Vehumet.
 13412 | Lair:1   | Reached XP level 11. HP: 43/59 MP: 27/27
 13548 | Lair:1   | Reached skill level 1 in Fighting
 14630 | Lair:2   | Noticed a five-headed hydra
 14748 | Lair:2   | Acquired Vehumet's third power
 15290 | Lair:3   | Reached skill level 5 in Dodging
 15330 | Lair:3   | Offered knowledge of Airstrike by Vehumet.
 15740 | Lair:3   | Reached skill level 5 in Fighting
 15850 | Lair:3   | Learned a level 1 spell: Apportation
 16154 | Lair:3   | Found a hole to the Spider Nest.
 16385 | Lair:3   | Found a deep blue altar of Sif Muna.
 17168 | Lair:4   | Noticed a six-headed hydra
 17406 | Lair:4   | Got a brightly glowing cloak
 17762 | Lair:4   | Reached XP level 12. HP: 71/71 MP: 24/28
 17772 | Lair:4   | Offered knowledge of Lightning Bolt by Vehumet.
 17858 | Lair:4   | Noticed a four-headed hydra
 17866 | Lair:4   | Killed a four-headed hydra
 18397 | Lair:4   | Reached skill level 11 in Conjurations
 18519 | Lair:4   | Killed a six-headed hydra
 19428 | Lair:4   | Reached skill level 12 in Conjurations
 20881 | Lair:5   | Identified a +2 rod of frigid destruction (14/14) (You found it on level 5 of the Lair of Beasts)
 20980 | Lair:5   | Reached skill level 13 in Conjurations
 22349 | Lair:5   | Reached XP level 13. HP: 76/76 MP: 28/29
 22621 | Lair:5   | Reached skill level 14 in Conjurations
 24547 | Lair:6   | Reached skill level 10 in Spellcasting
 25017 | Lair:7   | Found a staircase to the Slime Pits.
 25446 | Lair:7   | Offered knowledge of Poisonous Cloud by Vehumet.
 25454 | Lair:7   | Learned a level 6 spell: Poisonous Cloud
 25781 | Lair:7   | Reached skill level 10 in Fire Magic
 26127 | Lair:8   | Entered Level 8 of the Lair of Beasts
 28035 | Lair:8   | Reached XP level 14. HP: 70/81 MP: 32/32
 28054 | Lair:8   | Offered knowledge of Conjure Ball Lightning by Vehumet.
 30296 | D:9      | Slain by a sheep

Action                   |  1- 3 |  4- 6 |  7- 9 | 10-12 | 13-15 || total
-------------------------+-------+-------+-------+-------+-------++-------
Melee: Unarmed           |     8 |       |       |       |       ||     8
       Falchion          |       |    10 |     9 |    10 |       ||    29
       Staff             |       |       |       |       |    22 ||    22
 Cast: Magic Dart        |    61 |   119 |   344 |       |       ||   524
       Mephitic Cloud    |       |    10 |    15 |    36 |     8 ||    69
       Conjure Flame     |       |     1 |     7 |     8 |     1 ||    17
       Sting             |       |       |   185 |   745 |   135 ||  1065
       Repel Missiles    |       |       |     1 |       |       ||     1
       Blink             |       |       |     1 |    17 |    27 ||    45
       Throw Flame       |       |       |       |   420 |   580 ||  1000
       Flame Tongue      |       |       |       |     7 |       ||     7
       Poisonous Cloud   |       |       |       |       |    42 ||    42
Evoke: Wand              |       |     1 |       |     9 |    11 ||    21
  Use: Scroll            |       |     1 |     7 |    21 |     6 ||    35
       Potion            |       |       |       |     2 |     2 ||     4
